 Dungeon Crawl Stone Soup version 0.27-a0-1256-gced786f65e (webtiles) character file.

Game seed: 11366387211604512673

44 mordus the Cudgeller (level 3, -1/36 HPs)
             Began as a Troll Monk on June 10, 2021.
             Slain by Grinder (4 damage)
             ... while paralysed by Grinder
             ... on level 2 of the Dungeon.
             The game lasted 00:02:59 (1499 turns).

mordus the Cudgeller (Troll Monk)                   Turns: 1499, Time: 00:03:00

Health: -1/36      AC:  4    Str: 20    XL:     3   Next: 41%
Magic:  2/2        EV:  1    Int:  6    God:
Gold:   77         SH:  0    Dex: 12    Spells: 2/2 levels left

rFire    . . .     SeeInvis .   a - +0 mace
rCold    . . .     Faith    .   (no shield)
rNeg     . . .     Spirit   .   b - +0 robe
rPois    .         Reflect  .   (helmet restricted)
rElec    .         Harm     .   (no cloak)
rCorr    .         Rampage  .   (gloves unavailable)
Will     .....                  (boots unavailable)
Stlth    ++........             (no amulet)
HPRegen  1.12/turn              (no ring)
MPRegen  0.08/turn              (no ring)

@: paralysed
A: large, unfitting armour, claws 3, regeneration 1, shaggy fur 1, tough skin 1
a: no special abilities


You were on level 2 of the Dungeon.
You visited 1 branch of the dungeon, and saw 3 of its levels.

You collected 77 gold pieces.

Inventory:

Hand Weapons
 a - a +0 mace (weapon)
Armour
 b - a +0 robe (worn)
Scrolls
 c - a scroll of identify {unknown}
 d - a scroll of blinking {unknown}
Potions
 e - a potion of heal wounds {unknown}
 f - a potion of flight {unknown}


   Skills:
 - Level 2.4 Fighting
 + Level 4.1 Maces & Flails
 - Level 2.4 Dodging
 - Level 1.0 Stealth


You had 2 spell levels left.
You didn't know any spells.
Your spell library contained the following spells:

 Spells                   Type           Power      Damage    Failure   Level
 Summon Small Mammal      Summ           0%         N/A       45%         1
 Call Imp                 Summ           0%         N/A       58%         2
 Call Canine Familiar     Summ           0%         N/A       83%         3
 Summon Guardian Golem    Hex/Summ       0%         N/A       83%         3
 Summon Ice Beast         Ice/Summ       0%         N/A       99%         4
 Summon Lightning Spire   Summ/Air       0%         N/A       99%         4


Dungeon Overview and Level Annotations

Branches:
Dungeon (3/15)

Altars:

Annotations:
D:2 Grinder


Innate Abilities, Weirdness & Mutations

You are too large for most types of armour.
You have claws for hands.
Your natural rate of healing is unusually fast.
You are covered in fur. (AC +1)
You have tough skin. (AC +1)


Message History

Grinder gestures at you. You resist with significant effort.
The quokka closely misses you.
There are monsters nearby!
You barely miss Grinder.
The quokka bites you but does no damage.
Grinder says, "I used to sell toenails on the black market."
Grinder barely misses you.
There are monsters nearby!
The quokka bites you. The quokka closely misses you.
The kobold throws a stone.
The stone completely misses you. The quokka closely misses you.
There is a stone staircase leading up here.
You sock the quokka!
You kill the quokka!
Grinder hits you.
You writhe in agony.
You climb upwards.
There is a stone staircase leading down here.
You barely miss Grinder. Grinder hits you!
You writhe in agony.
You are too injured to fight recklessly!
You are too injured to fight recklessly!
You are too injured to fight recklessly!
You hit Grinder.
Grinder is lightly wounded.
Grinder hits you.
You closely miss Grinder.
Grinder is lightly wounded.
Grinder hits you!
* * * LOW HITPOINT WARNING * * *
You barely miss Grinder.
Grinder is lightly wounded.
Grinder gestures at you.
You suddenly lose the ability to move!
Grinder hits you!
* * * LOW HITPOINT WARNING * * *
Grinder says, "You look like you could use a good racking."
Grinder hits you.
* * * LOW HITPOINT WARNING * * *
You writhe in agony.
You die...

##### #####.#.# ####.......#
#....###.#.##### #......###......
##################....#####.#####
)...............####.....†..# #.
.......########.####.######.# #.
.......+........@5.#.#....#### #.
.......#######.....#.##.#....###.
.......# #.).#...##.####...#.
.......# ###....###.# ###...
.......# ##.#.....# #### .......#
#...###.# .......# ##..# ###
.......# #..# .......# #..#


You could see Grinder.

Vanquished Creatures
  2 adders (D:2)
  A dart slug (D:2)
  A ball python (D:1)
  5 bats
  An endoplasm (D:1)
  3 goblins
  3 hobgoblins
  2 quokkas
  A frilled lizard (D:2)
  3 kobolds
  4 rats
26 creatures vanquished.

Notes
Turn   | Place    | Note
-------+----------+-------------------------------------------
     0 | D:1      | mordus the Troll Monk began the quest for the Orb.
     0 | D:1      | Reached XP level 1. HP: 22/22 MP: 0/0
   182 | D:1      | Reached skill level 3 in Maces & Flails
   291 | D:1      | Reached XP level 2. HP: 29/29 MP: 1/1
   361 | D:1      | Found a faded altar of an unknown god.
  1112 | D:2      | Reached XP level 3. HP: 25/36 MP: 2/2
  1204 | D:2      | Reached skill level 4 in Maces & Flails
  1476 | D:3      | Noticed Grinder
  1497 | D:2      | Paralysed by Grinder for 4 turns
  1499 | D:2      | Slain by Grinder

Illustrated notes

Levels and vault maps discovered:
D:1:      amcnicky_arrival_abandoned_market, layout_basic,
          hellmonk_ecumenical_altar_arch_garden, minmay_misc_feat_more_columns
D:2:      layout_basic, grunt_decor_fettered
D:3:      layout_rooms, uniq_grinder, uniq_natasha

Skill      XL: |  1  2  3 |
---------------+----------+-----
Maces & Flails | 3 4 |  4.1
Fighting       | |  2.4
Dodging        | |  2.4
Stealth        | |  1.0

Action                   || total
-------------------------++-------
Melee: Mace              ||   116
 Stab: Sleeping          ||     2
Armor: Robe              ||    57
Dodge: Dodged            ||    73

Table legend: (Time is in decaauts)
 A = Elapsed time spent in this place.
 B = Non-inter-level travel time spent in this place.
 C = Inter-level travel time spent in this place.
 D = Time resting spent in this place.
 E = Time spent auto-exploring this place.
 F = Levels seen in this place.
 G = Mean time per level.
                   A        B        C        D        E       F      G
               +--------+--------+--------+--------+--------+-----+--------+
         Total |   1525 |   1485 |     40 |      0 |   1230 |   3 |  508.3 |
       Dungeon |   1525 |   1485 |     40 |      0 |   1230 |   3 |  508.3 |
               +--------+--------+--------+--------+--------+-----+--------+

Top non-repeatable levels by time:
     D:1: 795 daAuts
     D:2: 692 daAuts
     D:3: 36 daAuts
